 Dungeon Sprint DCSS version 0.30-a0-422-g946f4849ff (webtiles) character file.

Game seed: 6427408970235458466

6362 rocky1 the Fencer (level 10, -16/95 HPs)
             Began as a Merfolk Gladiator on Dec 9, 2022.
             Was an Initiate of Ashenzari.
             Demolished by a naga warrior
             ... wielding a +0 glaive
              (46 damage)
             ... in the Dungeon (Sprint VII: "The Pits").
             The game lasted 00:06:02 (1827 turns).

rocky1 the Fencer (Merfolk Gladiator)               Turns: 1827, Time: 00:06:02

Health: -16/95     AC: 21    Str: 14    XL:     10   Next: 96%
Magic:  10/10      EV:  6    Int:  8    God:    Ashenzari [......]
Gold:   0          SH:  0    Dex: 23    Spells: 9/9 levels left

rFire   . . .      SeeInvis .    w - +2 scimitar (flame)
rCold   . . .      Faith    .    (no shield)
rNeg    . . .      Spirit   .    p - +2 plate armour
rPois   .          Reflect  .    c - +0 helmet
rElec   .          Harm     .    (no cloak)
rCorr   .          Rampage  .    u - +0 pair of gloves
Will    .....      NoTele   +    (no boots)
Stlth   ..........               (no amulet)
HPRegen 0.35/turn                j - +3 ring of dexterity
MPRegen 0.12/turn                r - +3 ring of protection

@: hasted, constricted, very quick
A: (nimble swimmer 2), mertail
a: Renounce Religion


You were in the Dungeon.
You worshipped Ashenzari.
Ashenzari was noncommittal.
You visited 1 branch

Inventory:

Hand Weapons
 w - a +2 scimitar of flaming (weapon)
Missiles
 d - 3 throwing nets (quivered)
 e - a javelin
Armour
 c - a +0 helmet (worn)
 p - a +2 plate armour (worn)
 u - a +0 pair of gloves (worn)
Jewellery
 j - a +3 ring of dexterity (left hand)
 r - a +3 ring of protection (right hand)
Scrolls
 k - a scroll of blinking
 m - 5 scrolls of amnesia
 n - a scroll of summoning
Potions
 f - 7 potions of curing
 g - 7 potions of heal wounds
 h - a potion of haste
 i - 4 potions of magic
 l - a potion of invisibility
 s - a potion of brilliance
 t - a potion of mutation


   Skills:
 + Level 14.9 Fighting
 + Level 19.1 Long Blades
 + Level 3.6 Throwing
 + Level 8.7 Armour
 + Level 11.3 Dodging
 + Level 5.8 Stealth


You had 9 spell levels left.
You didn't know any spells.
Your spell library was empty.

Dungeon Overview and Level Annotations

Branches:
Dungeon (1/1)

Altars:
Ashenzari
Cheibriados
Dithmenos
Elyvilon
Fedhas
Gozag
Hepliaklqana
Kikubaaqudgha
Makhleb
Nemelex Xobeh
Okawaru
Qazlal
Ru
Sif Muna
Trog
Uskayaw
Vehumet
Wu Jian
Xom
Yredelemnul
Zin
The Shining One
Jiyva
Lugonu


Innate Abilities, Weirdness & Mutations

((You are very nimble when in or above water. (Stealth+, EV+, Speed+++)))
Your lower body shifts to a powerful aquatic tail in water.


Message History

You closely miss the naga warrior.
The naga warrior is severely wounded.
The naga warrior spits poison at you. The splash of poison hits you!
You are poisoned.
The naga warrior hits you from afar with a +0 glaive!
You hit the naga warrior. You burn the naga warrior.
The naga warrior is severely wounded.
You feel sick.
You closely miss the naga warrior.
The naga warrior is severely wounded.
You feel sick.
The naga warrior hits you but does no damage.
The naga warrior barely misses you.
The naga warrior hits you from afar with a +0 glaive!!
* * * LOW HITPOINT WARNING * * *
You feel much better.
You feel sick.
You barely miss the naga warrior.
The naga warrior is severely wounded.
The naga warrior hits you with a +0 dire flail!!
* * * LOW HITPOINT WARNING * * *
The naga warrior grabs you. The naga warrior constricts you.
* * * LOW HITPOINT WARNING * * *
The naga warrior barely misses you.
You hit the naga warrior but do no damage.
The naga warrior is severely wounded.
You feel sick.
You hit the naga warrior. You burn the naga warrior.
The naga warrior is severely wounded.
The naga warrior spits poison at you.
The splash of poison hits you but does no damage.
You are more poisoned.
The naga warrior constricts you.
The naga warrior hits you from afar with a +0 glaive!
* * * LOW HITPOINT WARNING * * *
You feel much better.
You feel sick.
You feel better. The naga warrior completely misses you.
The naga warrior constricts you.
The naga warrior hits you from afar with a +0 glaive!!!
You die...

############
#_________.#
#_________.#
#_______...###########++
##########'##...........
#.?(.')@NN.##......#..#.
##########.##...........
#.....)....N'...........
#'#####'#####......#..#.
#.#..#..#..##...........
#.#..'..'..#####'#####'N
#.##'####'###.......##++
#.#........##.......##..
#.#........##.......##..


You could see 2 naga warriors.

Vanquished Creatures
  An anaconda (D)
  2 phantasmal warriors (D)
  A cyclops (D)
  An elephant (D)
  An orange demon (D)
  A rime drake (D)
  A freezing wraith (D)
  An ice devil (D)
  A troll (D)
  2 red devils (D)
  A polar bear (D)
  A tarantella (D)
  A shadow (D)
  A wraith (D)
  A wyvern (D)
  2 fire bats (D)
  A large abomination (D)
  A redback (D)
  A floating eye (D)
  A water moccasin (D)
  A scorpion (D)
  4 wights (D)
  A crimson imp (D)
  2 gnoll boudas (D)
  A hound (D)
  A hell rat (D)
  7 gnolls (D)
  A white imp (D)
  An ufetubus (D)
  5 orcs (D)
  A ball python (D)
  A bat zombie (D)
  An endoplasm (D)
  A giant cockroach (D)
  A hobgoblin (D)
  4 jackals (D)
  A quokka (D)
  A ball python skeleton (D)
  A bat (D)
  A giant cockroach zombie (D)
  A rat (D)
61 creatures vanquished.

Vanquished Creatures (others)
  A deep troll (D)
1 creature vanquished.

Grand Total: 62 creatures vanquished

Notes
Turn   | Place    | Note
-------+----------+-------------------------------------------
     0 | D        | rocky1 the Merfolk Gladiator began the quest for the Orb.
     0 | D        | Reached XP level 1. HP: 16/16 MP: 1/1
    15 | D        | Reached skill level 4 in Long Blades
    21 | D        | Found a bloodstained altar of Trog.
    21 | D        | Found a shimmering blue altar of Sif Muna.
    21 | D        | Found a viscous altar of Jiyva.
    21 | D        | Found a hazy altar of Hepliaklqana.
    21 | D        | Found an opulent altar of Gozag.
    22 | D        | Found a glowing golden altar of the Shining One.
    22 | D        | Found a glowing silver altar of Zin.
    22 | D        | Found a basalt altar of Yredelemnul.
    22 | D        | Found a shimmering altar of Xom.
    22 | D        | Found an ornate altar of the Wu Jian Council.
    22 | D        | Found a sacrificial altar of Ru.
    22 | D        | Found a stormy altar of Qazlal.
    22 | D        | Found an iron altar of Okawaru.
    22 | D        | Found a sparkling altar of Nemelex Xobeh.
    22 | D        | Found a burning altar of Makhleb.
    22 | D        | Found a blossoming altar of Fedhas.
    22 | D        | Found a white marble altar of Elyvilon.
    22 | D        | Found a shadowy altar of Dithmenos.
    22 | D        | Found a snail-covered altar of Cheibriados.
    25 | D        | Found a corrupted altar of Lugonu.
    25 | D        | Found a radiant altar of Vehumet.
    26 | D        | Found an ancient bone altar of Kikubaaqudgha.
    26 | D        | Found a hide-covered altar of Uskayaw.
    26 | D        | Found a broken altar of Ashenzari.
    35 | D        | Became a worshipper of Ashenzari the Shackled
   110 | D        | Reached skill level 5 in Dodging
   110 | D        | Reached XP level 2. HP: 9/24 MP: 2/2
   272 | D        | Noticed a floating eye
   290 | D        | Reached skill level 6 in Long Blades
   290 | D        | Reached XP level 3. HP: 29/30 MP: 3/3
   296 | D        | Reached skill level 1 in Armour
   299 | D        | Reached skill level 7 in Long Blades
   299 | D        | Reached XP level 4. HP: 32/37 MP: 4/4
   301 | D        | Killed a floating eye
   302 | D        | Reached skill level 5 in Fighting
   302 | D        | Reached skill level 9 in Long Blades
   302 | D        | Reached XP level 5. HP: 26/44 MP: 5/5
   506 | D        | Noticed a fire bat
   513 | D        | Killed a fire bat
   514 | D        | Reached skill level 11 in Long Blades
   514 | D        | Reached skill level 1 in Stealth
   514 | D        | Reached XP level 6. HP: 43/53 MP: 6/6
   514 | D        | Noticed a water moccasin
   529 | D        | Killed a water moccasin
   530 | D        | Reached skill level 12 in Long Blades
   530 | D        | Reached XP level 7. HP: 33/60 MP: 7/7
   656 | D        | Noticed a phantasmal warrior
   662 | D        | Killed a phantasmal warrior
   663 | D        | Reached skill level 13 in Long Blades
   663 | D        | Reached skill level 10 in Dodging
   663 | D        | Reached XP level 8. HP: 69/69 MP: 8/8
   708 | D        | Reached skill level 14 in Long Blades
   777 | D        | Noticed a polar bear
   777 | D        | Noticed a wyvern
   795 | D        | Killed a wyvern
   796 | D        | Reached skill level 15 in Long Blades
   796 | D        | Reached skill level 5 in Armour
   802 | D        | Killed a polar bear
   803 | D        | Reached skill level 10 in Fighting
   922 | D        | Noticed a phantasmal warrior
   923 | D        | Noticed an orange demon
   944 | D        | Killed an orange demon
   945 | D        | Reached XP level 9. HP: 79/79 MP: 9/9
   950 | D        | Killed a phantasmal warrior
   951 | D        | Reached skill level 16 in Long Blades
  1047 | D        | Noticed a red devil
  1063 | D        | Killed a red devil
  1170 | D        | Noticed a red devil
  1181 | D        | Reached skill level 17 in Long Blades
  1189 | D        | Killed a red devil
  1345 | D        | Noticed a tarantella
  1348 | D        | Killed a tarantella
  1394 | D        | Noticed a deep troll
  1396 | D        | Noticed a cyclops
  1396 | D        | Noticed a troll
  1404 | D        | Killed a deep troll
  1405 | D        | Reached XP level 10. HP: 76/92 MP: 10/10
  1411 | D        | Reached skill level 18 in Long Blades
  1416 | D        | Killed a cyclops
  1640 | D        | Noticed an elephant
  1651 | D        | Killed an elephant
  1699 | D        | Reached skill level 5 in Stealth
  1711 | D        | Noticed an anaconda
  1728 | D        | Killed an anaconda
  1729 | D        | Reached skill level 19 in Long Blades
  1741 | D        | Noticed a naga warrior
  1741 | D        | Noticed a naga warrior
  1825 | D        | HP: 4/95 [naga warrior/+0 glaive (16)]
  1827 | D        | Demolished by a naga warrior

Illustrated notes

Levels and vault maps discovered:
D:        pitsprint [storerooms_1, entrance_room_1, metal_vault_5, armoury_1,
          mini_pit_1, grid_room_1, main_hall_1, silver_pit, the_coven_1,
          the_vestibule_1, steel_vault_2, golden_pit, hallway_of_sentries,
          crystal_vault_4, iron_vault_4, final_vault]

Skill      XL: |  1  2  3  4  5  6  7  8  9 10 |
---------------+-------------------------------+-----
Long Blades    | 4 6 7 9 11 12 13 15 17 19 | 19.1
Fighting       | 3 4 5 6 7 8 10 13 14 | 14.9
Dodging        | 5 6 7 8 9 10 11 | 11.3
Armour         | 1 2 3 4 5 7 8 |  8.7
Throwing       | 3 |  3.6
Stealth        | 1 2 5 |  5.8

Action                   |  1- 3 |  4- 6 |  7- 9 | 10-12 || total
-------------------------+-------+-------+-------+-------++-------
Melee: Long sword        |    40 |    24 |    53 |       ||   117
       Scimitar          |       |       |    51 |    67 ||   118
       Punch             |       |       |       |     3 ||     3
  Use: Potion            |     1 |       |     5 |     5 ||    11
 Stab: Sleeping          |     1 |       |       |       ||     1
       Invisible         |       |       |       |     4 ||     4
Armor: Leather armour    |    11 |     2 |       |       ||    13
       Plate armour      |       |    12 |    67 |    45 ||   124
Dodge: Dodged            |    28 |    17 |    33 |    22 ||   100

Table legend: (Time is in decaauts)
 A = Elapsed time spent in this place.
 B = Non-inter-level travel time spent in this place.
 C = Inter-level travel time spent in this place.
 D = Time resting spent in this place.
 E = Time spent auto-exploring this place.
 F = Levels seen in this place.
 G = Mean time per level.
                   A        B        C        D        E       F      G
               +--------+--------+--------+--------+--------+-----+--------+
         Total |   1814 |   1762 |     52 |   1069 |      0 |   1 | 1814.0 |
       Dungeon |   1814 |   1762 |     52 |   1069 |      0 |   1 | 1814.0 |
               +--------+--------+--------+--------+--------+-----+--------+

Top non-repeatable levels by time:
       D: 1814 daAuts
